[Event "Monday 23 April Rapid Engine Tour 12+1 Rounds 9 Starts 1600ST"]
[Site "Infinity Chess"]
[Date "2018.4.23"]
[Round "9"]
[White "Vimtiroba"]
[Black "Katzenmaier"]
[Result "1/2-1/2"]
[ECO "C50"]
[WhiteElo "2417"]
[BlackElo "2475"]
[WhiteEngine "AsmFish A10_CTG"]
[BlackEngine "Raubfisch X36d1"]
[EventType "Swiss"]
[WhiteTeam ""]
[BlackTeam ""]
[PlyCount "134"]
[TimeControl "720+1"]

1. e4 e5 2. Nf3 Nc6 3. Bc4 Bc5 4. d3 Nf6 5. O-O d6 6. c3 O-O 7. Nbd2 a5 
8. Re1 h6 9. h3 Ba7 10. Bb5 Ne7 11. d4 Ng6 12. Bd3 Re8 13. a4 c6 14. Bc2 Bb6 
15. Nf1 d5 16. exd5 e4 17. Ne5 cxd5 18. Nxg6 fxg6 19. Bf4 g5 20. Be5 Bc7 
21. Bxc7 Qxc7 22. Ne3 Be6 23. Qd2 Red8 24. Bd1 Qd7 25. b3 b6 26. Rb1 Rac8 
27. Be2 g4 28. hxg4 Bxg4 29. Rec1 Bxe2 30. Qxe2 Rb8 31. Qd1 b5 32. Ra1 Qc7 
33. b4 bxa4 34. Rxa4 axb4 35. cxb4 Qf7 36. Rc5 Kh8 37. Qb3 Nh5 38. Rxd5 Rf8 
39. Qa2 Nf6 40. Ra7 Qg8 41. Rda5 Qxa2 42. Rxa2 Rxb4 43. Rd2 Rb1+ 44. Kh2 Rd8 
45. d5 h5 46. Kg3 Rb3 47. Kh4 Rd3 48. Rxd3 exd3 49. Ra4 g5+ 50. Kg3 d2 
51. Rd4 d1=Q 52. Nxd1 Rxd5 53. Rxd5 Nxd5 54. Kf3 Nf6 55. Kg3 h4+ 56. Kf3 g4+ 
57. Kf4 Kg7 58. Kg5 h3 59. gxh3 gxh3 60. f3 h2 61. Nf2 Nd7 62. f4 Kf7 
63. Kh4 h1=Q+ 64. Nxh1 Kf6 65. Kg3 Kf5 66. Nf2 Nb6 67. Kh4 Kxf4 1/2-1/2

[Event "Monday 23 April Rapid Engine Tour 12+1 Rounds 9 Starts 1600ST"]
[Site "Infinity Chess"]
[Date "2018.4.23"]
[Round "9"]
[White "Marsell"]
[Black "hafaba"]
[Result "1/2-1/2"]
[ECO "B90"]
[WhiteElo "2457"]
[BlackElo "2439"]
[WhiteEngine "BrainFish_180418_x64_bmi2"]
[BlackEngine "Eman 1.70-beta21 64-bit POPCNT_CTG"]
[EventType "Swiss"]
[WhiteTeam ""]
[BlackTeam ""]
[PlyCount "85"]
[TimeControl "720+1"]

1. e4 c5 2. Nf3 d6 3. d4 cxd4 4. Nxd4 Nf6 5. Nc3 a6 6. Be3 e5 7. Nb3 Be6 
8. f3 h5 9. Qd2 Nbd7 10. Nd5 Bxd5 11. exd5 g6 12. Be2 Bg7 13. O-O b6 14. c4 O-O 
15. Rae1 Re8 16. Bf2 Rc8 17. Kh1 Qc7 18. Bg1 a5 19. Qd1 Bh6 20. Bf2 Rb8 
21. Nd2 e4 22. Nb3 e3 23. Bg1 Ne5 24. f4 Nxc4 25. Qd4 a4 26. Nc1 Nd2 
27. Qxf6 Nxf1 28. Rxf1 Bg7 29. Qg5 Qc2 30. f5 Re5 31. Bxe3 Rxd5 32. b3 b5 
33. Kg1 axb3 34. axb3 Re8 35. Bd3 Rxd3 36. fxg6 fxg6 37. Qxg6 Rexe3 38. Qf7+ Kh8 
39. Qxh5+ Kg8 40. Qf7+ Kh8 41. Qh5+ Kg8 42. Qf7+ Kh8 43. Qh5+ 1/2-1/2

[Event "Monday 23 April Rapid Engine Tour 12+1 Rounds 9 Starts 1600ST"]
[Site "Infinity Chess"]
[Date "2018.4.23"]
[Round "9"]
[White "Time_bandit"]
[Black "OlivierEvan"]
[Result "1/2-1/2"]
[ECO "B90"]
[WhiteElo "2472"]
[BlackElo "2403"]
[WhiteEngine "asmFishW_2018-04-11_bmi2"]
[BlackEngine "Houdini 6"]
[EventType "Swiss"]
[WhiteTeam ""]
[BlackTeam ""]
[PlyCount "174"]
[TimeControl "720+1"]

1. e4 c5 2. Nf3 d6 3. d4 cxd4 4. Nxd4 Nf6 5. Nc3 a6 6. Be3 e5 7. Nb3 Be6 
8. f3 h5 9. Qd2 Nbd7 10. Nd5 Bxd5 11. exd5 g6 12. Be2 Bg7 13. O-O b6 14. c4 O-O 
15. Rae1 Re8 16. Bf2 Qc7 17. Bd3 Rac8 18. h3 Nh7 19. a4 Nc5 20. Nxc5 bxc5 
21. Rb1 f5 22. Kh1 Nf6 23. Bc2 Rb8 24. b3 Kf7 25. Be3 Rh8 26. h4 Rhe8 
27. Rfe1 Qe7 28. Bg5 Qb7 29. Re2 Qb4 30. Qc1 Qb7 31. Kh2 Nh7 32. Bd2 Kg8 
33. Qe1 Nf6 34. Qg3 Kh7 35. Qf2 Bh6 36. Bc3 Bf4+ 37. Kh1 Kh8 38. Rg1 Kg7 
39. Bb2 Kh7 40. Rb1 Rf8 41. Kg1 Qb4 42. g3 Bh6 43. Rf1 Rg8 44. Kh1 Rgf8 
45. Kg1 Nd7 46. Qe1 Qxe1 47. Rfxe1 Kg8 48. Kf2 Kf7 49. Kg2 Rfc8 50. Rf1 Nf6 
51. Bc3 Rd8 52. Rb1 Nd7 53. Ba5 Rdc8 54. Rd1 Rb7 55. Bc3 Rcb8 56. Rde1 Nf6 
57. Kh3 Rxb3 58. Bxb3 Rxb3 59. Rc2 f4 60. Ree2 Ne8 61. Kg2 Ng7 62. Be1 fxg3 
63. Bxg3 Nf5 64. Rb2 Ne3+ 65. Kh3 Rd3 66. Rb7+ Kf6 67. Rd7 Nxc4 68. Rc2 Nd2 
69. Rxd6+ Kf5 70. Rxc5 Nxf3 71. Rcc6 Nd4 72. Rf6+ Ke4 73. Rce6 Nxe6 74. dxe6 Rd8 
75. Rxg6 Bd2 76. e7 Re8 77. Re6 Bc3 78. a5 Kd5 79. Rxa6 Rxe7 80. Rh6 e4 
81. Rxh5+ Kc4 82. a6 e3 83. Kg4 e2 84. Rg5 e1=Q 85. Bxe1 Bxe1 86. a7 Rxa7 
87. h5 Bd2 1/2-1/2

[Event "Monday 23 April Rapid Engine Tour 12+1 Rounds 9 Starts 1600ST"]
[Site "Infinity Chess"]
[Date "2018.4.23"]
[Round "9"]
[White "MedusaV3"]
[Black "MarioDeMonti"]
[Result "1-0"]
[ECO "A46"]
[WhiteElo "2434"]
[BlackElo "2468"]
[WhiteEngine "Eman 1.70-beta23 64-bit BMI2_CTG"]
[BlackEngine "stockfish_x64_bmi2_2018_02_18_CTG"]
[EventType "Swiss"]
[WhiteTeam ""]
[BlackTeam ""]
[PlyCount "171"]
[TimeControl "720+1"]

1. d4 Nf6 2. Nf3 d5 3. c4 e6 4. g3 dxc4 5. Bg2 Bb4+ 6. Bd2 a5 7. Qc2 Nc6 
8. Qxc4 Qd5 9. Qd3 Qf5 10. Qxf5 exf5 11. O-O O-O 12. Nc3 Re8 13. Bf4 Ne7 
14. Ne5 Bxc3 15. bxc3 Ned5 16. c4 Nxf4 17. gxf4 Ne4 18. Rfc1 b6 19. Rc2 f6 
20. Nd3 Rd8 21. f3 Nd6 22. c5 Nb5 23. e3 Ba6 24. Bf1 Na3 25. Rc3 Nb5 
26. Rcc1 Na3 27. cxb6 cxb6 28. Rc3 Nc4 29. Kf2 Nd2 30. Be2 Rdc8 31. Rac1 Rxc3 
32. Rxc3 Nc4 33. Rb3 Rc8 34. h4 h5 35. Ne1 b5 36. Nd3 Nd2 37. Rb2 Nc4 
38. Rc2 Na3 39. Rc5 Nb1 40. e4 fxe4 41. fxe4 Nc3 42. Ke3 Nxe2 43. Kxe2 b4 
44. Rxa5 Bxd3+ 45. Kxd3 Rc3+ 46. Kd2 Rf3 47. Rf5 Rf2+ 48. Kd3 Kf7 49. Rxh5 Rxf4 
50. Rh8 Rf2 51. Ra8 g6 52. d5 Rf4 53. Ra7+ Kf8 54. Rh7 Ke8 55. Rg7 Rxh4 
56. Rxg6 Kf7 57. Rg2 Rh3+ 58. Kc4 Rc3+ 59. Kxb4 Re3 60. Rg4 Ke7 61. a4 Re1 
62. a5 Kd6 63. Kb5 Rb1+ 64. Ka6 Rd1 65. Rg7 Rd4 66. Rf7 Ke5 67. Kb5 Rd2 
68. a6 Rd3 69. a7 Ra3 70. Re7+ Kf4 71. d6 Ke3 72. Kb6 Rb3+ 73. Kc6 Rc3+ 
74. Kb7 Rb3+ 75. Kc8 Ra3 76. Rc7 Ke2 77. d7 f5 78. exf5 Ra1 79. d8=Q Ra3 
80. Qd4 Kf3 81. Rc4 Ra2 82. Rc3+ Ke2 83. Qe3+ Kf1 84. Rc1+ Kg2 85. Rg1+ Kh2 
86. Qg3# 1-0

[Event "Monday 23 April Rapid Engine Tour 12+1 Rounds 9 Starts 1600ST"]
[Site "Infinity Chess"]
[Date "2018.4.23"]
[Round "9"]
[White "Thinker"]
[Black "Mr Aj"]
[Result "1/2-1/2"]
[ECO "B90"]
[WhiteElo "2483"]
[BlackElo "2481"]
[WhiteEngine "BrainFish_180418_x64_modern_CTG"]
[BlackEngine "Houdini 6_CTG"]
[EventType "Swiss"]
[WhiteTeam ""]
[BlackTeam ""]
[PlyCount "163"]
[TimeControl "720+1"]

1. e4 c5 2. Nf3 d6 3. d4 cxd4 4. Nxd4 Nf6 5. Nc3 a6 6. Be3 e5 7. Nb3 Be6 
8. h3 Be7 9. f4 exf4 10. Bxf4 Nc6 11. Qe2 Ne5 12. O-O-O Nfd7 13. Kb1 Rc8 
14. Qe3 O-O 15. g4 Qc7 16. Rh2 Ng6 17. Bg3 Rfe8 18. g5 b5 19. h4 Nb6 20. Bd3 Bf8 
21. Nd4 Bg4 22. Rf1 Ne5 23. Rhf2 g6 24. h5 Qc5 25. h6 b4 26. Nce2 Nbc4 
27. Bxc4 Nxc4 28. Qf4 Ne5 29. Qe3 Bh3 30. Rc1 Ng4 31. Qf3 Qc7 32. Nf4 Nxf2 
33. Bxf2 Be6 34. Be3 Qd7 35. b3 Be7 36. Rg1 Bd8 37. Bc1 a5 38. Qd3 Rc5 
39. Nf3 Rc3 40. Qd4 f6 41. Rg3 Qc7 42. gxf6 Qf7 43. Ng5 Bxf6 44. Qxc3 Bxc3 
45. Nxf7 Kxf7 46. a4 Bf6 47. Rf3 Ke7 48. Be3 Bf7 49. Nd3 Bg8 50. Bf4 Bh4 
51. e5 dxe5 52. Re3 Kf6 53. Rxe5 Rxe5 54. Bxe5+ Kf5 55. Bc7 Bg5 56. Bxa5 Bd5 
57. Bxb4 Bxh6 58. c4 Be4 59. Kc2 Be3 60. Bd2 Bg1 61. Bh6 g5 62. Kd2 Kg6 
63. Bf8 h5 64. Ke2 g4 65. Bd6 Kf5 66. Bg3 Bf3+ 67. Kf1 Bd4 68. a5 Bf6 
69. Ne1 Bb7 70. Ng2 Be7 71. Nh4+ Ke4 72. Be1 Ba6 73. Ke2 Bc8 74. Kf1 Kd3 
75. Ng6 Bd6 76. Nh4 Bb8 77. c5 g3 78. Kg2 Bb7+ 79. Kh3 Bc8+ 80. Kg2 Bb7+ 
81. Kh3 Bc8+ 82. Kg2 1/2-1/2

[Event "Monday 23 April Rapid Engine Tour 12+1 Rounds 9 Starts 1600ST"]
[Site "Infinity Chess"]
[Date "2018.4.23"]
[Round "9"]
[White "KRAKEN"]
[Black "SkyPilot"]
[Result "1-0"]
[ECO "E61"]
[WhiteElo "2541"]
[BlackElo "2472"]
[WhiteEngine "Raubfisch ME262_GTZ17b1_CTG"]
[BlackEngine "stockfish_x64_bmi2_2018_04_07_CTG"]
[EventType "Swiss"]
[WhiteTeam ""]
[BlackTeam ""]
[PlyCount "184"]
[TimeControl "720+1"]

1. d4 Nf6 2. c4 g6 3. Nc3 d6 4. e4 Bg7 5. Be2 O-O 6. Nf3 e5 7. O-O Nc6 8. d5 Ne7 
9. Ne1 Nd7 10. f3 f5 11. Nd3 f4 12. Bd2 Nf6 13. Be1 g5 14. c5 Ng6 15. a4 Kh8 
16. a5 Rg8 17. a6 bxa6 18. Nb4 dxc5 19. Nc6 Qe8 20. Bxa6 g4 21. Bxc8 Qxc8 
22. Nb5 gxf3 23. Qxf3 a5 24. Na3 a4 25. Nc4 Nd7 26. Bc3 Qe8 27. Kh1 Nb8 
28. Nxb8 Qxb8 29. Qd3 Bf6 30. Na5 Qc8 31. Qd1 Qd7 32. Rf2 Bh4 33. Rd2 Qb5 
34. Nc6 Bf6 35. Rc2 Ra6 36. Rcc1 Nh4 37. Rc2 Ng6 38. Ra3 h6 39. Rf2 Bg7 
40. h4 Rxc6 41. dxc6 Qxc6 42. Qxa4 Qe6 43. Qd1 Nxh4 44. Qh5 Ng6 45. Rd2 Rf8 
46. Qh3 Qxh3+ 47. gxh3 Rf7 48. Ra7 f3 49. Rf2 Bf8 50. Kh2 Bd6 51. Kg3 Nf4 
52. Rxf3 Rf8 53. Ba5 Rc8 54. Kf2 Kg7 55. Ke3 Kf7 56. Kd2 h5 57. Rg3 Ne6 
58. Bc3 Ke7 59. Rg6 c4 60. Ra5 Kd7 61. Rh6 Rg8 62. Ra4 Rg2+ 63. Kc1 Nf4 
64. Rxc4 Nxh3 65. Rh7+ Ke6 66. Rxh5 Ng5 67. Rh6+ Kd7 68. Rg6 Rg4 69. Rg7+ Ke8 
70. Ba5 Kf8 71. Rg6 Kf7 72. Rh6 Kg7 73. Rh2 Rg1+ 74. Kc2 Nf3 75. Rh3 Nd4+ 
76. Kd3 Ne6 77. Bd2 Kf7 78. b4 Ra1 79. Rh7+ Kg6 80. Rh6+ Kf7 81. Rc2 Rg1 
82. Bc3 Ng5 83. Re2 Ke8 84. b5 Nf7 85. Rh7 Ng5 86. Rg7 Kf8 87. Rg6 Kf7 
88. Rh6 Ke7 89. Kc4 Kd7 90. Rg6 Rg3 91. Rg7+ Ke6 92. Be1 Rg4 1-0

[Event "Monday 23 April Rapid Engine Tour 12+1 Rounds 9 Starts 1600ST"]
[Site "Infinity Chess"]
[Date "2018.4.23"]
[Round "8"]
[White "Dovahkiin"]
[Black "IronMan"]
[Result "1/2-1/2"]
[ECO "C02"]
[WhiteElo "2367"]
[BlackElo "2447"]
[WhiteEngine "BrainFish_180418_x64_modern_CTG"]
[BlackEngine "Eman 170b23-EXP3"]
[EventType "Swiss"]
[WhiteTeam ""]
[BlackTeam ""]
[PlyCount "144"]
[TimeControl "720+1"]

1. e4 e6 2. d4 d5 3. e5 c5 4. c3 Nc6 5. Nf3 Qb6 6. a3 f6 7. Bd3 fxe5 8. dxe5 c4 
9. Bc2 g6 10. O-O Bg7 11. Nbd2 Qc7 12. Re1 Nh6 13. Ng5 O-O 14. Ndf3 Nf5 
15. Nd4 Ncxd4 16. cxd4 Qb6 17. Nf3 Bd7 18. Rb1 Qc7 19. a4 Rac8 20. b3 Bc6 
21. Ba3 Rfe8 22. Bb4 Qd8 23. Bxf5 gxf5 24. Qd2 b6 25. a5 bxa5 26. Bxa5 Qd7 
27. Rec1 Kh8 28. Bb4 Rb8 29. Bd6 Rb7 30. Ng5 Rxb3 31. Rxb3 cxb3 32. Rc3 h6 
33. Nh3 Ba4 34. Qc1 Qb5 35. Qb2 Qb7 36. Nf4 Rc8 37. Bc5 Qf7 38. Qa3 Qe8 
39. Nd3 Qh5 40. f3 Qe8 41. Nb2 Bb5 42. Rxb3 a6 43. Nd3 h5 44. Qc1 Kh7 
45. f4 Bxd3 46. Rxd3 Bh6 47. g3 h4 48. Rb3 Rb8 49. Rxb8 Qxb8 50. Qc2 Kg6 
51. Kf2 hxg3+ 52. hxg3 Qb5 53. Ba3 Qb6 54. Bc5 Qa5 55. Qe2 Qa4 56. Kg1 Qb3 
57. Kg2 a5 58. Qa6 Kh7 59. Qa7+ Kg6 60. Qd7 Qc2+ 61. Kh3 Qe4 62. Qxe6+ Kh7 
63. Qf7+ Kh8 64. Qf6+ Bg7 65. Qd8+ Kh7 66. Kh2 Qe2+ 67. Kg1 Qe1+ 68. Kh2 Qe2+ 
69. Kg1 Qe1+ 70. Kh2 Qf2+ 71. Kh3 Qf1+ 72. Kh2 Qe2+ 1/2-1/2

[Event "Monday 23 April Rapid Engine Tour 12+1 Rounds 9 Starts 1600ST"]
[Site "Infinity Chess"]
[Date "2018.4.23"]
[Round "8"]
[White "star99"]
[Black "KhalidOmar"]
[Result "1/2-1/2"]
[ECO "C55"]
[WhiteElo "2462"]
[BlackElo "2428"]
[WhiteEngine "Cryptic Heroes 9.4B"]
[BlackEngine "Eman 1.70-beta24 64-bit BMI2"]
[EventType "Swiss"]
[WhiteTeam ""]
[BlackTeam ""]
[PlyCount "104"]
[TimeControl "720+1"]

1. e4 e5 2. Nf3 Nc6 3. Bc4 Nf6 4. d3 Bc5 5. O-O d6 6. Nc3 Na5 7. Bg5 Nxc4 
8. dxc4 Be6 9. Qd3 h6 10. Bxf6 Qxf6 11. Nd5 Bxd5 12. cxd5 O-O 13. c3 Qf4 
14. g3 Qg4 15. Nh4 Qh3 16. Kh1 Rae8 17. Rae1 Bb6 18. Qd2 a5 19. Nf5 Bc5 
20. Qe2 Kh7 21. f4 g6 22. Nh4 exf4 23. Rxf4 Qd7 24. Ref1 Qe7 25. Qd3 Kg8 
26. a4 c6 27. Rf6 Qxe4+ 28. Qxe4 Rxe4 29. Nxg6 Rfe8 30. Rxf7 Re1 31. dxc6 bxc6 
32. h4 R8e2 33. R7f5 Kg7 34. h5 Rxf1+ 35. Rxf1 Rxb2 36. Ne7 d5 37. Nxc6 Ra2 
38. Nxa5 Rxa4 39. Nb3 Be3 40. Kg2 Rc4 41. Nd4 Bxd4 42. cxd4 Rxd4 43. Kh3 Rd3 
44. Kg4 d4 45. Kf4 Ra3 46. g4 Rc3 47. Ke4 d3 48. Rd1 Rc4+ 49. Kxd3 Rxg4 
50. Ra1 Rg5 51. Ra7+ Kf6 52. Ra6+ Kf7 1/2-1/2

[Event "Monday 23 April Rapid Engine Tour 12+1 Rounds 9 Starts 1600ST"]
[Site "Infinity Chess"]
[Date "2018.4.23"]
[Round "8"]
[White "CrapCleaner"]
[Black "Eman"]
[Result "1-0"]
[ECO "B63"]
[WhiteElo "2437"]
[BlackElo "2463"]
[WhiteEngine "Raubfisch ME262_GTZ17b1_CTG"]
[BlackEngine "Eman 1.70-beta24 64-bit POPCNT"]
[EventType "Swiss"]
[WhiteTeam ""]
[BlackTeam ""]
[PlyCount "189"]
[TimeControl "720+1"]

1. e4 c5 2. Nf3 d6 3. d4 cxd4 4. Nxd4 Nf6 5. Nc3 Nc6 6. Bg5 e6 7. Qd2 Be7 
8. O-O-O O-O 9. h4 Nxd4 10. Qxd4 h6 11. f3 e5 12. Qg1 Be6 13. Bd2 Nd7 
14. Qf2 Rc8 15. Kb1 Nb6 16. Bd3 Re8 17. b3 a6 18. g4 Qc7 19. Rhe1 d5 
20. exd5 Nxd5 21. Nxd5 Bxd5 22. g5 h5 23. c4 Be6 24. Bc3 Bd6 25. Rc1 Qd7 
26. Qe2 Bf5 27. Qc2 Bxd3 28. Qxd3 Qe6 29. Rcd1 Red8 30. Qd5 Qf5+ 31. Qe4 Qxe4+ 
32. fxe4 Bc5 33. Rd5 f6 34. g6 Kf8 35. a4 Ke7 36. a5 Ke6 37. Rf1 Rh8 38. Bd2 b6 
39. axb6 Bxb6 40. Kc2 Rc6 41. Rd1 Bc5 42. Ra1 Re8 43. Bc3 Rh8 44. Rd2 Bd6 
45. Rdd1 Ra8 46. Rd5 Rb8 47. Ra4 Bc7 48. Ba5 Bd6 49. Rd1 f5 50. exf5+ Kxf5 
51. Rxd6 Rxd6 52. Bc7 Rdb6 53. Bxb8 Rxb8 54. Rxa6 e4 55. Ra5+ Kxg6 56. Rb5 Rd8 
57. Rd5 Rb8 58. Rb5 Rd8 59. Re5 Kf6 60. Rxe4 g5 61. hxg5+ Kxg5 62. b4 h4 
63. b5 h3 64. Re1 h2 65. b6 Rd6 66. Rh1 Rxb6 67. Rxh2 Kf5 68. Kc3 Rc6 
69. Kb4 Rb6+ 70. Kc5 Rg6 71. Kd5 Kf6 72. Re2 Rg3 73. c5 Rd3+ 74. Kc6 Kf5 
75. Kc7 Rc3 76. c6 Kf6 77. Kd7 Kf5 78. Rd2 Rc4 79. c7 Kf4 80. Rd6 Rxc7+ 
81. Kxc7 Ke4 82. Kd7 Kf5 83. Re6 Kf4 84. Ke7 Kf5 85. Kf7 Kg4 86. Kf6 Kf4 
87. Kg6 Kg4 88. Rf6 Kh4 89. Kf5 Kg3 90. Kg5 Kh3 91. Kf4 Kg2 92. Kg4 Kh2 
93. Kf3 Kg1 94. Kg3 Kh1 95. Rf1# 1-0

[Event "Monday 23 April Rapid Engine Tour 12+1 Rounds 9 Starts 1600ST"]
[Site "Infinity Chess"]
[Date "2018.4.23"]
[Round "8"]
[White "Katzenmaier"]
[Black "Marsell"]
[Result "1/2-1/2"]
[ECO "A22"]
[WhiteElo "2476"]
[BlackElo "2456"]
[WhiteEngine "Raubfisch X36d1"]
[BlackEngine "BrainFish_180418_x64_bmi2"]
[EventType "Swiss"]
[WhiteTeam ""]
[BlackTeam ""]
[PlyCount "131"]
[TimeControl "720+1"]

1. c4 e5 2. Nc3 Nf6 3. Nf3 Nc6 4. e4 Bb4 5. d3 d6 6. a3 Bc5 7. b4 Bb6 8. Be3 Bg4 
9. Be2 O-O 10. O-O Bxf3 11. Bxf3 Nd4 12. Na4 Nxf3+ 13. Qxf3 Bxe3 14. Qxe3 Re8 
15. Rfd1 Nd7 16. Rac1 a5 17. b5 Rc8 18. Rf1 c6 19. bxc6 bxc6 20. c5 dxc5 
21. Rfd1 h6 22. Nxc5 Rb8 23. g3 Nxc5 24. Qxc5 Re6 25. d4 Rb5 26. Qc4 exd4 
27. Rxd4 Qb6 28. Rcd1 Rb2 29. Qd3 Qb5 30. a4 Qxd3 31. R1xd3 c5 32. Rd8+ Kh7 
33. Rf3 f6 34. Ra8 c4 35. Rxa5 Rxe4 36. Kg2 Ra2 37. Ra7 Kg6 38. a5 Re1 
39. Rc7 Rxa5 40. Rxc4 Re2 41. h3 Raa2 42. g4 h5 43. gxh5+ Kxh5 44. Rc7 Kg6 
45. Rg3+ Kf5 46. Rgxg7 Rxf2+ 47. Kg1 Rfd2 48. Rc1 Rf2 49. Rg8 Ke5 50. h4 Rh2 
51. Re1+ Kd6 52. Rd1+ Ke5 53. Rg4 Rae2 54. h5 f5 55. Rg8 Ke4 56. Re8+ Kf4 
57. Rf1+ Kg5 58. Rg8+ Kf6 59. Rg6+ Ke5 60. h6 f4 61. Rg4 f3 62. h7 Kf5 
63. h8=Q Rxh8 64. Rg3 f2+ 65. Rxf2+ Rxf2 66. Kxf2 1/2-1/2

[Event "Monday 23 April Rapid Engine Tour 12+1 Rounds 9 Starts 1600ST"]
[Site "Infinity Chess"]
[Date "2018.4.23"]
[Round "8"]
[White "angriff"]
[Black "Vimtiroba"]
[Result "1/2-1/2"]
[ECO "C50"]
[WhiteElo "2405"]
[BlackElo "2418"]
[WhiteEngine "DracoREX 3.07 64BIT POPCNT_CTG"]
[BlackEngine "AsmFish A10_CTG"]
[EventType "Swiss"]
[WhiteTeam ""]
[BlackTeam ""]
[PlyCount "63"]
[TimeControl "720+1"]

1. e4 e5 2. Nf3 Nc6 3. Bc4 Bc5 4. O-O Nf6 5. d3 O-O 6. c3 d6 7. Re1 Bb6 8. h3 h6 
9. Nbd2 a5 10. a4 Be6 11. b3 d5 12. Bb5 Ne7 13. exd5 Nfxd5 14. Qc2 c6 
15. Bc4 Re8 16. Nxe5 Ng6 17. d4 Nxe5 18. dxe5 Bxh3 19. gxh3 Bxf2+ 20. Kxf2 Qh4+ 
21. Kf1 Qxh3+ 22. Kf2 Qh4+ 23. Kf1 Qh3+ 24. Kf2 Qh4+ 25. Kf1 Qh1+ 26. Kf2 Qh2+ 
27. Kf1 Nf4 28. Re3 Qh1+ 29. Kf2 Qh2+ 30. Kf1 Qh1+ 31. Kf2 Qh2+ 32. Kf1 1/2-1/2

[Event "Monday 23 April Rapid Engine Tour 12+1 Rounds 9 Starts 1600ST"]
[Site "Infinity Chess"]
[Date "2018.4.23"]
[Round "8"]
[White "hafaba"]
[Black "ocirema"]
[Result "1/2-1/2"]
[ECO "C55"]
[WhiteElo "2439"]
[BlackElo "2445"]
[WhiteEngine "Eman 1.70-beta21 64-bit POPCNT_CTG"]
[BlackEngine "Eman 1.70-beta21 64-bit POPCNT_CTG"]
[EventType "Swiss"]
[WhiteTeam ""]
[BlackTeam ""]
[PlyCount "72"]
[TimeControl "720+1"]

1. e4 e5 2. Nf3 Nc6 3. Bc4 Nf6 4. d3 Bc5 5. Nbd2 O-O 6. a3 d6 7. O-O a5 8. c3 h6 
9. h3 Bd7 10. a4 Ne7 11. Re1 Ng6 12. Nf1 Re8 13. Qb3 Be6 14. Bxe6 Rxe6 
15. Qc2 Qd7 16. d4 exd4 17. cxd4 Bb4 18. Bd2 d5 19. e5 Rc6 20. Qd1 Nh5 
21. Bxb4 axb4 22. h4 Nhf4 23. Ne3 Ne7 24. g3 Qh3 25. gxf4 Rg6+ 26. Ng5 hxg5 
27. hxg5 Nf5 28. Nxf5 Qxf5 29. Qc1 Qg4+ 30. Kf1 f6 31. Qb1 Qh5 32. exf6 Qh3+ 
33. Kg1 Qg4+ 34. Kf1 Qh3+ 35. Kg1 Qg4+ 36. Kf1 Qh3+ 1/2-1/2

[Event "Monday 23 April Rapid Engine Tour 12+1 Rounds 9 Starts 1600ST"]
[Site "Infinity Chess"]
[Date "2018.4.23"]
[Round "8"]
[White "MarioDeMonti"]
[Black "Time_bandit"]
[Result "1/2-1/2"]
[ECO "C55"]
[WhiteElo "2468"]
[BlackElo "2472"]
[WhiteEngine "stockfish_x64_bmi2_2018_02_18_CTG"]
[BlackEngine "asmFishW_2018-04-11_bmi2"]
[EventType "Swiss"]
[WhiteTeam ""]
[BlackTeam ""]
[PlyCount "129"]
[TimeControl "720+1"]

1. e4 e5 2. Nf3 Nc6 3. Bc4 Nf6 4. d3 Bc5 5. c3 d6 6. O-O a5 7. Re1 O-O 
8. Nbd2 h6 9. h3 Be6 10. a4 Bb6 11. Bxe6 fxe6 12. Nc4 Bc5 13. Be3 Bxe3 
14. Rxe3 Qd7 15. Rc1 Rf7 16. d4 exd4 17. cxd4 Raf8 18. Qb3 b6 19. Qb5 Nb4 
20. Na3 Na2 21. Qxd7 Rxd7 22. Rd1 Nb4 23. Nb5 Nh5 24. e5 Nf4 25. h4 d5 26. g3 c6 
27. Nd6 Ng6 28. Rc3 Nh8 29. h5 Nf7 30. Kg2 Ng5 31. Nxg5 hxg5 32. f3 Kh7 
33. Kh3 c5 34. Kg4 Nc6 35. Kxg5 Nxd4 36. f4 Nf5 37. Nxf5 Rxf5+ 38. Kg4 Rf8 
39. Kf3 Rb7 40. Rh1 Rc8 41. Rhc1 g6 42. g4 Rf8 43. Kg3 Kg7 44. hxg6 Kxg6 
45. Rb3 Rbb8 46. Rf1 d4 47. Rbf3 Rh8 48. f5+ Kf7 49. Kf4 Rbg8 50. f6 c4 
51. Kg3 Rd8 52. Rf4 c3 53. R4f2 Rd5 54. Rd1 cxb2 55. Rxb2 d3 56. Rxb6 Rxe5 
57. Rxd3 Kxf6 58. Rb7 Rg8 59. Rf3+ Kg6 60. Rb5 Rxb5 61. axb5 Rb8 62. Rb3 a4 
63. Ra3 Rxb5 64. Rxa4 e5 65. Re4 1/2-1/2

[Event "Monday 23 April Rapid Engine Tour 12+1 Rounds 9 Starts 1600ST"]
[Site "Infinity Chess"]
[Date "2018.4.23"]
[Round "8"]
[White "SkyPilot"]
[Black "MedusaV3"]
[Result "1/2-1/2"]
[ECO "C55"]
[WhiteElo "2474"]
[BlackElo "2432"]
[WhiteEngine "stockfish_x64_bmi2_2018_04_07_CTG"]
[BlackEngine "Eman 1.70-beta23 64-bit BMI2_CTG"]
[EventType "Swiss"]
[WhiteTeam ""]
[BlackTeam ""]
[PlyCount "139"]
[TimeControl "720+1"]

1. e4 e5 2. Nf3 Nc6 3. Bc4 Nf6 4. d3 Bc5 5. c3 d6 6. O-O O-O 7. Bg5 h6 8. Bh4 a6 
9. Nbd2 Ba7 10. b4 g5 11. Bg3 b5 12. Bb3 a5 13. bxa5 Nxa5 14. Bc2 c5 15. Rb1 Rb8 
16. h3 Nh5 17. Nh2 Nf4 18. Ng4 Kg7 19. Ne3 Nc6 20. Nf3 Be6 21. Bb3 b4 
22. cxb4 cxb4 23. Qd2 Nd4 24. Nxd4 Bxd4 25. Rfc1 Qe7 26. Rc2 Bc5 27. Rcb2 Bd4 
28. Rc2 Rb7 29. Qd1 Rfb8 30. Rbc1 Ra7 31. Kh1 Rba8 32. Rc6 Qd7 33. R6c2 Qe7 
34. Rc6 Qd7 35. R6c2 Rb8 36. Bxf4 gxf4 37. Nd5 Qd8 38. g3 fxg3 39. fxg3 Qg5 
40. Kh2 Bc5 41. Qe2 Rf8 42. Rf1 f5 43. h4 Qg4 44. Qg2 fxe4 45. Rxf8 Kxf8 
46. Nf6 Qf3 47. Bxe6 Qxg2+ 48. Rxg2 Ke7 49. Bd5 Kxf6 50. dxe4 Ra3 51. Kh3 Rc3 
52. Rb2 Kg6 53. Rb3 Rc2 54. Rf3 Rf2 55. Rxf2 Bxf2 56. Kg2 Be1 57. Bc6 Kf6 
58. Kf3 Ke6 59. h5 Ke7 60. g4 Kf6 61. Be8 Ke7 62. Bg6 Kf6 63. Be8 Ke7 
64. Ba4 Kf6 65. Bd7 Bc3 66. Bf5 Bd4 67. Bc8 Kg5 68. Bd7 Kf6 69. Bb5 Ke6 70. Bc6 
1/2-1/2

[Event "Monday 23 April Rapid Engine Tour 12+1 Rounds 9 Starts 1600ST"]
[Site "Infinity Chess"]
[Date "2018.4.23"]
[Round "8"]
[White "OlivierEvan"]
[Black "Thinker"]
[Result "0-1 "]
[ECO "A06"]
[WhiteElo "2417"]
[BlackElo "2469"]
[WhiteEngine "Houdini 6"]
[BlackEngine "BrainFish_180418_x64_modern_CTG"]
[EventType "Swiss"]
[WhiteTeam ""]
[BlackTeam ""]
[PlyCount "229"]
[TimeControl "720+1"]

1. Nf3 d5 2. b3 Nf6 3. Bb2 Bf5 4. e3 e6 5. d3 Bd6 6. a3 Nbd7 7. Be2 h6 8. c4 O-O 
9. Nbd2 c6 10. O-O a5 11. d4 Qb8 12. Qc1 b6 13. h3 Rc8 14. Qd1 b5 15. c5 Bc7 
16. Nh4 Bh7 17. f4 Ne4 18. Nxe4 dxe4 19. d5 cxd5 20. b4 Bd8 21. g3 Qb7 
22. Ng2 Nb8 23. Ne1 Be7 24. Nc2 Nc6 25. h4 f6 26. Nd4 Nxd4 27. Qxd4 Bg6 
28. Rac1 axb4 29. axb4 Rf8 30. Ra1 Be8 31. Rxa8 Qxa8 32. Qd2 Qb7 33. Bd1 Bd8 
34. Qg2 Bc6 35. Bb3 Qd7 36. Kh1 Kh7 37. g4 Qe8 38. Ra1 Bc7 39. Kg1 Bb8 
40. h5 Bb7 41. Bc3 Qe7 42. Ra5 Bc6 43. Ra6 Qe8 44. Bb2 Qc8 45. Ra1 Qd7 
46. Ra6 Bc7 47. Ra7 Qd8 48. Qf2 Kg8 49. Bc3 Qc8 50. Qg2 Qb8 51. Ra3 Kh7 
52. Ra6 Qb7 53. Ra2 Qb8 54. Ra1 Qe8 55. Ra6 Bb8 56. Ra3 Qd7 57. Ra6 Qc8 
58. Ra1 Qd7 59. Ra6 Kh8 60. Qf2 Kg8 61. Kh1 Bb7 62. Ra1 Qe7 63. Ra5 Bc6 
64. Kg2 Qb7 65. Ra1 Qd7 66. Bb2 Qe7 67. Rf1 Kh7 68. Bc3 Kh8 69. Bb2 Qd7 
70. Kg1 Qe8 71. Bc3 Kh7 72. Qh2 Bc7 73. Ra1 Bb8 74. Ra6 Qc8 75. Qa2 Kh8 
76. Kh2 Bb7 77. Ra5 Rd8 78. Qf2 d4 79. Bd2 Bd5 80. Bxd5 dxe3 81. Bxe3 exd5 
82. Kg3 f5 83. Bd4 Re8 84. Rxb5 e3 85. Bxe3 Qa6 86. Rxb8 Rxb8 87. Qd2 Qa3 
88. c6 Rxb4 89. gxf5 Rc4 90. f6 gxf6 91. Kf2 Rxc6 92. Qxd5 Rc8 93. Qd4 Qe7 
94. Qd3 Re8 95. Qd4 Qe6 96. Qb6 Qf5 97. Qc6 Rg8 98. Kf1 Rc8 99. Qb6 Rf8 
100. Kf2 Qh3 101. Qd6 Qh4+ 102. Ke2 Qxh5+ 103. Kd2 Rf7 104. Qe6 Kg7 105. f5 Qh2+ 
106. Kd3 Qh1 107. Bd4 Qf3+ 108. Kd2 h5 109. Be3 Qb7 110. Qd6 Rd7 
111. Qxd7+ Qxd7+ 112. Kc3 Qxf5 113. Kd2 h4 114. Bg1 h3 115. Ke2 0-1